 Dungeon Crawl Stone Soup version 0.31-a0-183-g4352c244c2 (webtiles) character file.

Game seed: 11335056672423950634

563 Hajna the Cleaver (level 7, -22/49 (61) HPs)
             Began as a Hill Orc Monk on June 21, 2023.
             Annihilated by an ogre
             ... wielding a +0 giant club
              (23 damage)
             ... on level 6 of the Dungeon.
             The game lasted 00:10:04 (3675 turns).

Hajna the Cleaver (Hill Orc Monk)                   Turns: 3675, Time: 00:10:05

HP:   -22/49 (61)   AC: 12    Str: 16    XL:     7   Next: 32%
MP:   7/7           EV:  8    Int: 10    God:
Gold: 217           SH:  0    Dex: 13    Spells: 6/6 levels left

rFire   . . .        a - +0 hand axe
rCold   . . .        d - orb {light}
rNeg    . . .        j - +0 chain mail
rPois   .            n - +0 helmet
rElec   .            (no cloak)
rCorr   .            g - +1 pair of gloves
SInv    +            (no boots)
Will    .....        (no amulet) Stlth
                     w - ring of see invisible
HPRegen 0.28/turn    (no ring)
MPRegen 0.10/turn

%: no passive effects
@: hasted, glowing, heavily drained, very quick
A: no striking features
a: no special abilities


You were on level 6 of the Dungeon.
You visited 2 branches of the dungeon, and saw 7 of its levels.

You collected 217 gold pieces.

Inventory:

Hand Weapons
 a - a +0 hand axe (weapon)
Missiles
 c - 8 poisoned darts (quivered)
 k - 6 boomerangs
Armour
 b - a +0 robe
 d - an orb of light (worn)
 f - a +0 leather armour
 g - a +1 pair of gloves (worn)
 h - a +0 ring mail
 j - a +0 chain mail (worn)
 n - a +0 helmet (worn)
 v - a +1 leather armour of fire resistance
Jewellery
 w - a ring of see invisible (left hand)
Scrolls
 e - 4 scrolls of enchant armour
 p - a scroll of vulnerability {unknown}
 q - 2 scrolls of amnesia {unknown}
 s - 3 scrolls of teleportation {unknown}
 t - 4 scrolls of identify {unknown}
Potions
 l - 2 potions of attraction
 o - a potion of cancellation
 r - a potion of haste


   Skills:
 + Level 5.1 Fighting
 + Level 8.1 Axes
 + Level 0.9 Throwing
 + Level 3.1 Armour
 + Level 3.3 Dodging


You had 6 spell levels left.
You didn't know any spells.
Your spell library contained the following spells:

 Spells                   Type           Power      Damage    Failure   Level
 Beastly Appendage        Tmut           0%         N/A       99%         1
 Blink                    Tloc           0%         N/A       100%        2
 Wereblood                Tmut           0%         N/A       100%        2
 Spider Form              Tmut/Pois      0%         N/A       100%        3
 Manifold Assault         Tloc           0%         N/A       100%        4
 Storm Form               Tmut/Air       0%         N/A       100%        7


Dungeon Overview and Level Annotations

Branches:
Dungeon (6/15)             Temple (1/1) D:6

Altars:
Ashenzari
Dithmenos
Gozag
Kikubaaqudgha
Makhleb
Nemelex Xobeh
Trog
Vehumet
Wu Jian
Zin
The Shining One

Shops:
D:5 [

Annotations:
D:5 Dowan, Duvessa
D:6 Edmund


Message History

The sky beast hits you but does no damage.
Edmund zaps a wand.
You resist with some effort.
You hit Edmund.
Edmund is moderately wounded.
You hit the sky beast but do no damage. You hit Edmund but do no damage.
Edmund is moderately wounded.
You hit the sky beast.
Edmund zaps a wand.
You resist with some effort.
The now-empty wand crumbles to dust.
The sky beast closely misses you.
You hit Edmund.
Edmund is heavily wounded.
You hit the sky beast but do no damage. You hit Edmund but do no damage.
Edmund is heavily wounded.
You hit the sky beast. The sky beast barely misses you.
Edmund hits you with a +1 flail of draining.
You feel drained.
You hit Edmund.
Edmund is heavily wounded.
You hit the ogre. You hit the sky beast.
The sky beast hits you but does no damage.
The ogre barely misses you.
Edmund hits you with a +1 flail of draining!
* * * LOW HITPOINT WARNING * * *
You feel drained.
Press: ? - help, v - describe, . - travel
Here: Edmund, wielding a +1 flail of draining and wearing a +0 scale mail (heavily wounded, haloed)
The floor, spattered with blood.
You slash Edmund!
Edmund is severely wounded.
You hit the ogre. You barely miss the sky beast. You hit Edmund.
Edmund is severely wounded.
You hit the ogre. You hit the sky beast. The sky beast barely misses you.
Edmund hits you with a +1 flail of draining!
* * * LOW HITPOINT WARNING * * *
You feel drained.
* * * LOW HITPOINT WARNING * * *
The ogre hits you with a +0 giant club!!
You die...

....... .......
######..
.......####......###
.......#...........#
.........#.#.#.#.#.##
....................#
.........#.......#...
..c.......O..........
.......#.#Y@@>...#...
<....$.#....(........
.......#.#.......#...
......##.............
...... #.#.#.#.#.#...
#....# #.............
##..# ####..........
...........
#......)..


You could see Edmund, a sky beast (invisible) and an ogre.

Vanquished Creatures
  Eustachio (D:5)
  2 ogres (D:4)
  A centaur (D:6)
  An orc wizard (D:3)
  A gnoll (D:4)
  3 adders
  An ufetubus (D:4)
  2 worms (D:2)
  3 dart slugs
  6 orcs
  6 bats
  12 endoplasms
  8 giant cockroaches
  6 goblins
  12 hobgoblins
  3 quokkas
  5 ball pythons
  3 frilled lizards
  8 kobolds
  6 rats
90 creatures vanquished.

Notes
Turn   | Place    | Note
-------+----------+-------------------------------------------
     0 | D:1      | Hajna the Hill Orc Monk began the quest for the Orb.
     0 | D:1      | Reached XP level 1. HP: 19/19 MP: 1/1
   107 | D:1      | Reached XP level 2. HP: 26/27 MP: 2/2
   376 | D:1      | Found a faded altar of an unknown god.
   461 | D:1      | Reached XP level 3. HP: 33/33 MP: 3/3
  1076 | D:2      | Reached skill level 5 in Axes
  1076 | D:2      | Reached XP level 4. HP: 41/41 MP: 4/4
  1586 | D:3      | Reached skill level 6 in Axes
  1586 | D:3      | Reached XP level 5. HP: 30/47 MP: 5/5
  2384 | D:4      | Noticed an ogre
  2403 | D:4      | Killed an ogre
  2404 | D:4      | Reached XP level 6. HP: 6/53 MP: 6/6
  2787 | D:4      | Found a burning altar of Makhleb.
  2790 | D:4      | Found a glowing silver altar of Zin.
  2790 | D:4      | Noticed an angel
  2791 | D:4      | Noticed a balrug
  2835 | D:4      | Reached skill level 7 in Axes
  2996 | D:4      | Found a radiant altar of Vehumet.
  3001 | D:4      | Found an ornate altar of the Wu Jian Council.
  3001 | D:4      | Found a broken altar of Ashenzari.
  3001 | D:4      | Found an opulent altar of Gozag.
  3018 | D:4      | Found a bloodstained altar of Trog.
  3018 | D:4      | Found a glowing golden altar of the Shining One.
  3294 | D:5      | Entered Level 5 of the Dungeon
  3294 | D:5      | Noticed Eustachio
  3308 | D:5      | Killed Eustachio
  3309 | D:5      | Reached skill level 5 in Fighting
  3309 | D:5      | Reached XP level 7. HP: 49/61 MP: 7/7
  3376 | D:5      | Found Gekovaij's Antique Armour Shoppe.
  3454 | D:5      | Noticed Duvessa
  3454 | D:5      | Noticed Dowan
  3466 | D:6      | Found a staircase to the Ecumenical Temple.
  3472 | D:6      | Noticed Edmund
  3474 | Temple   | Entered the Ecumenical Temple
  3657 | D:6      | Reached skill level 8 in Axes
  3674 | D:6      | HP: 1/49 [Edmund/+1 flail of draining (3)]
  3675 | D:6      | Annihilated by an ogre

Illustrated notes

Levels and vault maps discovered:
D:1:      dpeg_arrival_rooms_c, layout_rooms, shapermc_ecumenical_altar_petra,
          kennysheep_boxes
D:2:      layout_loops_ring, corexii_corridor_pit, minmay_misc_feat_x
D:3:      layout_basic, minivault_26, nicolae_eternal_life,
          kennysheep_generic_room_16
D:4:      wad_woods_pond, layout_loops_ring,
          grunt_temple_overflow_order_and_chaos_2, minmay_overflow_temple_hex
D:5:      layout_layer_cave, serial_shops, shop, shop, shop, shop,
          hangedman_decor_growths, uniq_grinder, uniq_eustachio, uniq_duvessa
D:6:      layout_cave_pods, minmay_temple_entry_glass, uniq_edmund,
          uniq_blork_the_orc, uniq_pikel
Temple:   nicolae_temple_superstar

Skill      XL: |  1  2  3  4  5  6  7 |
---------------+----------------------+-----
Fighting       | 4 5 |  5.1
Dodging        | 3 |  3.3
Axes           | 5 6 7 8 |  8.1
Armour         | 2 3 |  3.1
Throwing       | |  0.9

Action                     |  1- 3 |  4- 6 |  7- 9 || total
---------------------------+-------+-------+-------++-------
  Melee: Hand axe          |    99 |   156 |    25 ||   280
         Unarmed           |       |       |     5 ||     5
  Throw: Dart              |       |     8 |       ||     8
    Use: Potion            |       |     1 |    10 ||    11
         Scroll            |       |     3 |     1 ||     4
 Armour: Ring mail         |     8 |       |       ||     8
         Chain mail        |    43 |    98 |    25 ||   166
  Dodge: Dodged            |    40 |    66 |    44 ||   150

Table legend: (Time is in decaauts)
 A = Elapsed time spent in this place.
 B = Non-inter-level travel time spent in this place.
 C = Inter-level travel time spent in this place.
 D = Time resting spent in this place.
 E = Time spent auto-exploring this place.
 F = Levels seen in this place.
 G = Mean time per level.
                   A        B        C        D        E       F      G
               +--------+--------+--------+--------+--------+-----+--------+
         Total |   3659 |   3518 |    141 |      0 |   2840 |   7 |  522.7 |
       Dungeon |   3501 |   3365 |    136 |      0 |   2691 |   6 |  583.5 |
        Temple |    157 |    152 |      5 |      0 |    149 |   1 |  157.0 |
               +--------+--------+--------+--------+--------+-----+--------+

Top non-repeatable levels by time:
     D:4: 955 daAuts
     D:3: 911 daAuts
     D:2: 799 daAuts
     D:1: 634 daAuts
     D:5: 167 daAuts
  Temple: 157 daAuts
     D:6: 33 daAuts
